 Dungeon Crawl Stone Soup version 0.29.0-4-gdea44cf6ec (webtiles) character file.

Game seed: 3078946037214759079

110 qw the Shield-Bearer (level 4, -10/35 HPs)
             Began as a Ghoul Fire Elementalist on Aug 29, 2022.
             Mangled by an ogre
             ... wielding a +0 giant club
              (11 damage)
             ... on level 3 of the Dungeon.
             The game lasted 00:03:01 (3293 turns).

qw the Shield-Bearer (Ghoul Fire Elementalist)      Turns: 3293, Time: 00:03:02

Health: -10/35     AC: 11    Str: 13    XL:     4   Next: 91%
Magic:  5/5        EV:  0    Int: 10    God:
Gold:   135        SH: 11    Dex:  9    Spells: 5/6 levels left

rFire   . . .      SeeInvis .     - Unarmed
rCold   + . .      Faith    .   f - +0 tower shield
rNeg    + + +      Spirit   .   o - +0 plate armour
rPois   inf        Reflect  .   (no helmet)
rElec   .          Harm     .   (no cloak)
rCorr   .          Rampage  .   (no gloves)
Will    .....                   m - +0 pair of boots
Stlth   ..........              (no amulet)
HPRegen 0.00/turn               (no ring)
MPRegen 0.09/turn               (no ring)

@: about to teleport, inhibited regen
A: claws 1, cold resistance 1, negative energy resistance 3, inhibited
regeneration, torment resistance 2, devour on kill
a: no special abilities


You were on level 3 of the Dungeon.
You visited 1 branch of the dungeon, and saw 3 of its levels.

You collected 135 gold pieces.


Innate Abilities, Weirdness & Mutations

You are immune to poison.
You have sharp fingernails.
Your flesh is cold resistant. (rC+)
You are immune to negative energy. (rN+++)
You do not regenerate when monsters are visible.
You are immune to unholy pain and torment.
You thrive by killing the living.


   Skills:
 - Level 1.0 Fighting
 - Level 1.7 Dodging
 - Level 2.1 Stealth
 + Level 2.9 Shields
 - Level 2.5 Unarmed Combat
 - Level 1.7 Spellcasting
 - Level 0.7 Conjurations
 - Level 2.4 Fire Magic


You had 5 spell levels left.
You knew the following spells:

 Your Spells              Type           Power      Damage    Failure   Level
a - Foxfire               Conj/Fire      16%        2x1d4     100%        1

Your spell library contained the following spells:

 Spells                   Type           Power      Damage    Failure   Level
 Scorch                   Fire           10%        2d6       100%        2
 Conjure Flame            Conj/Fire      4%         6-21      100%        3
 Inner Flame              Hex/Fire       3%         N/A       100%        3
 Flame Wave               Conj/Fire      4%         2d5       100%        4

Inventory:

Armour
 f - a +0 tower shield (worn)
 m - a +0 pair of boots (worn)
 o - a +0 plate armour (worn)
Jewellery
 a - a +6 ring of dexterity
 g - an amulet of the acrobat
Scrolls
 b - a scroll of identify
 h - a scroll of enchant weapon
 j - a scroll of fear {unknown}
 k - a scroll of blinking {unknown}
 l - a scroll of poison {unknown}
Potions
 c - a potion of curing
 d - 2 potions of heal wounds {unknown}
 i - a potion of degeneration {unknown}

Dungeon Overview and Level Annotations

Branches:
Dungeon (3/15)

Altars:

Shops:
D:2 (


Message History

You block the hobgoblin's attack.
You closely miss the hobgoblin.
The hobgoblin is almost dead.
You block the hobgoblin's attack.
The hobgoblin hits you but does no damage.
You scratch the hobgoblin but do no damage.
The hobgoblin is almost dead.
The hobgoblin hits you.
You scratch the hobgoblin.
You kill the hobgoblin!
You feel better.
You start resting.
HP restored.
You see here a dart slug corpse.
k - a scroll labelled ODAOWKONIU
There is an open door here.
l - a scroll labelled OXEDWOLYWO You now have 135 gold pieces (gained 8).
There is a stone staircase leading down here.
You open the door.
An ogre comes into view. It is wielding a +0 giant club.
The ogre shouts!
You scratch the ogre.
The ogre is lightly wounded.
The ogre hits you with a +0 giant club!
You scratch the ogre.
The ogre is moderately wounded.
The ogre hits you with a +0 giant club.
You claw the ogre!
The ogre is severely wounded.
You block the ogre's attack.
You scratch the ogre.
The ogre is almost dead.
The ogre hits you with a +0 giant club!!
Ouch! That really hurt!
3293 ||| READING scroll of teleportation.
As you read the scroll of teleportation, it crumbles to dust.
You feel strangely unstable. The ogre hits you with a +0 giant club!
You die...

#.##...../.....##
#...............###########
#..#......................#
#..#............#########.#
#......>.......## #.#
##.##.##......## #.#
####.##.####.#.## #.#
#....##.####.#.# #####.###
#.#####......#@# #........ #.#
#..######O# #.%...###
#######'#######.. #.##### #
#.............#... #.## #
#.............#.... #..######
#......7......#.....####........
#......7......#.....+...........
#...7..7..7...#.....####...#.###
#...7..7..7...# ##.##.#


You could see an ogre.

Vanquished Creatures
  4 adders
  A worm (D:3)
  3 dart slugs
  An orc (D:3)
  6 endoplasms
  2 giant cockroaches (D:1)
  7 hobgoblins
  7 quokkas
  4 ball pythons
  7 bats
  6 frilled lizards
  6 goblins
  5 kobolds
  6 rats
65 creatures vanquished.

Notes
Turn   | Place    | Note
-------+----------+-------------------------------------------
     0 | D:1      | qw the Ghoul Fire Elementalist began the quest for the Orb.
     0 | D:1      | Reached XP level 1. HP: 14/14 MP: 2/2
     0 | D:1      | 0 ||| qw: Version: 0.1-a-90-g952f4b7
     0 | D:1      | 0 ||| qw: Game counter: 4177
     0 | D:1      | 0 ||| qw: Always use a shield: true
     0 | D:1      | 0 ||| qw: God list: Okawaru
     0 | D:1      | 0 ||| qw: Allow faded altars: false
     0 | D:1      | 0 ||| qw: Do Orc after D:15 true
     0 | D:1      | 0 ||| qw: Do second Lair branch before Depths: true
     0 | D:1      | 0 ||| qw: Lair rune preference: random
     0 | D:1      | 0 ||| qw: Plans: Normal
     0 | D:1      | 0 ||| PLANNING D:1-11
   232 | D:1      | Reached skill level 1 in Unarmed Combat
   322 | D:1      | 322 ||| Stepping ~*~*~tactically~*~*~ (stealth).
   323 | D:1      | 323 ||| Stepping ~*~*~tactically~*~*~ (stealth).
   328 | D:1      | Reached skill level 1 in Fighting
   328 | D:1      | Reached XP level 2. HP: 23/23 MP: 3/3
   336 | D:1      | Found a faded altar of an unknown god.
   695 | D:1      | 695 ||| Stepping ~*~*~tactically~*~*~ (outnumbered).
   857 | D:1      | Reached XP level 3. HP: 21/28 MP: 4/4
  1103 | D:1      | 1103 ||| UPGRADING to +0 tower shield.
  1108 | D:1      | 1108 ||| UPGRADING to +0 leather armour.
  1118 | D:1      | 1118 ||| DROPPING +0 robe.
  1119 | D:1      | 1119 ||| UPGRADING to +0 ring mail.
  1129 | D:1      | 1129 ||| DROPPING +0 leather armour.
  1130 | D:1      | 1130 ||| READING scroll labelled LEMAYH XEVU.
  1131 | D:1      | 1131 ||| READING scroll labelled NADIT LOGHOUPN.
  1132 | D:1      | 1132 ||| READING scroll labelled XAYNUCH LOTAQ.
  1133 | D:1      | 1133 ||| READING scroll labelled FALAEF VYFFEM.
  1234 | D:1      | 1234 ||| DROPPING potion of magic.
  1270 | D:2      | Found Unkat's Weapon Boutique.
  1302 | D:2      | 1302 ||| Stepping ~*~*~tactically~*~*~ (stealth).
  1309 | D:2      | 1309 ||| Stepping ~*~*~tactically~*~*~ (stealth).
  1335 | D:2      | HP: 5/28 [adder (4)]
  1642 | D:2      | Reached skill level 1 in Shields
  1719 | D:2      | 1719 ||| Stepping ~*~*~tactically~*~*~ (stealth).
  1720 | D:2      | 1720 ||| Stepping ~*~*~tactically~*~*~ (stealth).
  1948 | D:2      | Reached XP level 4. HP: 35/35 MP: 5/5
  2353 | D:2      | 2353 ||| Stepping ~*~*~tactically~*~*~ (stealth).
  2354 | D:2      | 2354 ||| Stepping ~*~*~tactically~*~*~ (stealth).
  2369 | D:2      | 2369 ||| Stepping ~*~*~tactically~*~*~ (stealth).
  2500 | D:2      | 2500 ||| UPGRADING to +0 scale mail.
  2510 | D:2      | 2510 ||| DROPPING +0 ring mail.
  2511 | D:2      | 2511 ||| UPGRADING to +0 pair of boots.
  2516 | D:2      | 2516 ||| UPGRADING to +0 plate armour.
  2526 | D:2      | 2526 ||| DROPPING +0 scale mail.
  2527 | D:2      | 2527 ||| READING scroll labelled UTA JAUZ LUORE.
  2528 | D:2      | 2528 ||| READING scroll labelled FIRE REUT QAE.
  2533 | D:2      | 2533 ||| READING scroll labelled QAEMEL PUFATZ.
  2534 | D:2      | 2534 ||| DRINKING 2 orange potions.
  2535 | D:2      | 2535 ||| DRINKING 2 fuming purple potions.
  2536 | D:2      | 2536 ||| DRINKING 2 sapphire potions.
  2537 | D:2      | 2537 ||| READING 2 scrolls of identify.
  2537 | D:2      | 2537 ||| IDENTIFYING blue potion
  2538 | D:2      | 2538 ||| DROPPING potion of attraction.
  2539 | D:2      | 2539 ||| DROPPING potion of lignification.
  2540 | D:2      | 2540 ||| DROPPING potion of brilliance.
  2863 | D:3      | 2863 ||| Stepping ~*~*~tactically~*~*~ (stealth).
  2864 | D:3      | 2864 ||| Stepping ~*~*~tactically~*~*~ (stealth).
  3284 | D:3      | Noticed an ogre
  3292 | D:3      | HP: 1/35 [ogre/+0 giant club (24)]
  3293 | D:3      | 3293 ||| READING scroll of teleportation.
  3293 | D:3      | Mangled by an ogre

Levels and vault maps discovered:
D:1:      minmay_arrival_nine_rooms, layout_basic,
          hellmonk_ecumenical_altar_heavens_door, minivault_14,
          minmay_statues_item
D:2:      layout_basic, serial_shops, nicolae_shop_crystal
D:3:      layout_loops_corners, gammafunk_temple_overflow_statue,
          overflow_temple_1_default, kennysheep_generic_room_16

Skill      XL: |  1  2  3  4 |
---------------+-------------+-----
Unarmed Combat | 1 2 |  2.5
Fighting       | 1 |  1.0
Shields        | 1 2 |  2.9
Dodging        | |  1.7
Stealth        | |  2.1
Spellcasting   | |  1.7
Conjurations   | |  0.7
Fire Magic     | |  2.4

Action                   |  1- 3 |  4- 6 || total
-------------------------+-------+-------++-------
Melee: Unarmed           |   153 |   115 ||   268
       Punch             |     1 |       ||     1
  Use: Scroll            |     4 |     5 ||     9
       Potion            |       |     3 ||     3
 Stab: Sleeping          |       |     1 ||     1
Armor: Robe              |    23 |       ||    23
       Ring mail         |    17 |    15 ||    32
       Plate armour      |       |    36 ||    36
Dodge: Dodged            |    69 |    11 ||    80
Block: Tower shield      |    30 |    57 ||    87

Table legend:
 A = Non-vault XP
 B = Vault XP
 C = Vault XP percentage of total XP
 D = Non-vault monster count
 E = Vault monster count
 F = Vault count percentage of total count
                 A         B        C        D         E       F
            +---------+---------+-------+---------+---------+-------
      Total |     151 |       7 |   4.4 |      62 |       3 |   4.6
            +---------+---------+-------+---------+---------+-------
        D:1 |      39 |       0 |   0.0 |      27 |       0 |   0.0
        D:2 |      68 |       0 |   0.0 |      25 |       0 |   0.0
        D:3 |      44 |       7 |  13.7 |      10 |       3 |  23.1
            +---------+---------+-------+---------+---------+-------
